 Dungeon Crawl Stone Soup version 0.30-a0-715-gdb4ae3ece1 (webtiles) character file.

Game seed: 17487248033466566531

1641 Lobster4 the Shooter (level 9, -6/68 HPs)
             Began as a Human Wanderer on Jan 23, 2023.
             Was a Believer of Fedhas.
             Mangled by a steam dragon (7 damage)
             ... on level 6 of the Dungeon on Jan 24, 2023.
             The game lasted 00:19:20 (6841 turns).

Lobster4 the Shooter (Human Wanderer)               Turns: 6841, Time: 00:19:20

Health: -6/68      AC:  4    Str: 12    XL:     9   Next: 18%
Magic:  11/11      EV: 15    Int:  9    God:    Fedhas [**....]
Gold:   181        SH:  5    Dex: 27    Spells: 8/8 levels left

rFire   . . .      SeeInvis .    b - +1 sling
rCold   . . .      Faith    .    (no shield)
rNeg    . . .      Spirit   .    g - +0 leather armour
rPois   .          Reflect  +    c - +0 helmet
rElec   .          Harm     .    (no cloak)
rCorr   +          Rampage  .    (no gloves)
Will    .....                    (no boots)
Stlth   ++                       v - amulet of reflection
HPRegen 0.31/turn                C - ring of resist corrosion
MPRegen 0.12/turn                G - +6 ring of dexterity

@: no status effects
A: no striking features
a: Renounce Religion, Wall of Briars


You were on level 6 of the Dungeon.
You worshipped Fedhas.
Fedhas was pleased with you.
You visited 2 branches of the dungeon, and saw 7 of its levels.
You also visited: Sewer.

You collected 181 gold pieces.

Inventory:

Hand Weapons
 a - a +2 antimagic short sword
 b - a +1 sling (weapon)
 l - a +2 quarterstaff
 m - a +3 longbow
 o - a +0 arbalest
 w - a +8 vampiric whip
 D - a +2 dagger of speed
Missiles
 s - 5 atropa-tipped darts
 H - a throwing net
Armour
 c - a +0 helmet (worn)
 e - a +0 robe
 g - a +0 leather armour (worn)
 p - a +0 ring mail
Jewellery
 v - an amulet of reflection (around neck)
 y - a ring of fire
 C - a ring of resist corrosion (left hand)
 G - a +6 ring of dexterity (right hand)
Wands
 A - a wand of paralysis (2)
 B - a wand of roots (5)
Scrolls
 h - 2 scrolls of enchant weapon
 i - 3 scrolls of blinking
 E - a scroll of fog {unknown}
 F - a scroll of teleportation
Potions
 d - a potion of berserk rage
 f - 2 potions of heal wounds {unknown}
 j - a potion of curing
 k - 2 potions of flight {unknown}
 n - 2 potions of degeneration {unknown}
 q - 2 potions of mutation {unknown}
 r - a potion of attraction {unknown}
 t - 3 potions of might
 u - 2 potions of ambrosia {unknown}
 x - a potion of lignification
 z - a potion of magic


   Skills:
 + Level 5.0 Fighting
 - Level 2.0 Short Blades
 - Level 4.0 Staves
 * Level 7.0 Ranged Weapons
 - Level 4.0 Armour
 - Level 4.0 Dodging
 - Level 3.0 Invocations
 - Level 3.0 Evocations


You had 8 spell levels left.
You didn't know any spells.
Your spell library contained the following spells:

 Spells                   Type           Power      Damage    Failure   Level
 Ozocubu's Armour         Ice            0%         N/A       83%         3
 Passage of Golubria      Tloc           0%         N/A       99%         4
 Silence                  Hex/Air        0%         N/A       100%        5
 Ozocubu's Refrigeration  Ice            0%         4d7       100%        7
 Lehudib's Crystal Spear  Conj/Erth      0%         10d2      100%        8


Dungeon Overview and Level Annotations

Branches:
Dungeon (6/15)             Temple (1/1) D:4           Sewer (visited)

Altars:
Ashenzari
Cheibriados
Dithmenos
Elyvilon
Fedhas
Gozag
Hepliaklqana
Makhleb
Nemelex Xobeh
Okawaru
Trog
Uskayaw
Wu Jian
Xom
Yredelemnul
Zin

Shops:
D:5 [


Message History

The steam dragon barely misses you. You block the steam dragon's attack.
Fire: b) +1 sling
Press: ? - help, Q - select action, (/) - cycle Shift-Dir - straight line, f/p - steam dragon
Aim: a steam dragon (steam, severely wounded, 69% to hit)
You shoot a sling bullet.
The sling bullet closely misses the steam dragon.
You are engulfed in a cloud of scalding steam.
The steam dragon breathes steam at you. The ball of steam hits you.
* * * LOW HITPOINT WARNING * * *
Fire: b) +1 sling
Press: ? - help, Q - select action, (/) - cycle Shift-Dir - straight line, f/p - steam dragon
Aim: a steam dragon (steam, severely wounded, 69% to hit)
You shoot a sling bullet.
The sling bullet barely misses the steam dragon.
You are engulfed in a cloud of scalding steam.
* * * LOW HITPOINT WARNING * * *
The steam dragon bites you.
* * * LOW HITPOINT WARNING * * *
The steam dragon misses you.
Fire: b) +1 sling
Press: ? - help, Q - select action, (/) - cycle Shift-Dir - straight line, f/p - steam dragon
Aim: a steam dragon (severely wounded, 69% to hit)
You shoot a sling bullet.
The sling bullet closely misses the steam dragon.
The steam dragon closely misses you. The steam dragon misses you.
Fire: b) +1 sling
Press: ? - help, Q - select action, (/) - cycle Shift-Dir - straight line, f/p - steam dragon
Aim: a steam dragon (severely wounded, 69% to hit)
You shoot a sling bullet.
The sling bullet closely misses the steam dragon.
The steam dragon breathes steam at you. The ball of steam hits you!
* * * LOW HITPOINT WARNING * * *
You feel better.
You are engulfed in a cloud of scalding steam.
* * * LOW HITPOINT WARNING * * *
The steam dragon bites you!
You die...
Fedhas appreciates your contribution to the ecosystem.

.##.#.........###....########....
.##.##.......## #.#.## ##...
....###.....## #..## #.## .####
##...## ##.# #.# .# ######'## #.#
####.## .###...##.# #.# #.....>
....###.#.# #.# #.##... .#.##
##..########.# #.##### ..##
##......D@ยงยง# #.# ### ..#
#...#####<.# #.###.. #.## ##...#
#..# #...... ##.## ##..#.#####..#
#####.# ....###............# #.#
####...##.#.#####.## #.#
######.#.# #.# #.# #D#.#####.#
#.. #.#.......# ###


You could see a steam dragon (catching breath).

Vanquished Creatures
  A wyvern (D:6)
  A black bear (D:6)
  An ogre (D:5)
  4 phantoms
  3 bullfrogs
  A necrophage (D:4)
  2 scorpions
  2 jellies
  A gnoll bouda (D:6)
  2 hounds (D:5)
  4 iguanas
  11 gnolls
  16 adders
  4 dart slugs
  5 orcs
  9 endoplasms
  17 giant cockroaches
  13 goblins
  7 hobgoblins
  7 jackals
  6 kobolds
  6 quokkas
  12 ball pythons
  6 bats
  13 frilled lizards
  4 rats
158 creatures vanquished.

Notes
Turn   | Place    | Note
-------+----------+-------------------------------------------
     0 | D:1      | Lobster4 the Human Wanderer began the quest for the Orb.
     0 | D:1      | Lobster4 set off with the following items: a +2
                  | quarterstaff, a +0 sling, a +0 helmet, a potion of berserk
                  | rage, a +0 robe.
     0 | D:1      | Reached XP level 1. HP: 15/15 MP: 1/1
   117 | D:1      | Reached XP level 2. HP: 21/21 MP: 2/2
   142 | D:1      | HP: 1/21 [gnoll/+0 whip (3)]
   144 | D:1      | Reached skill level 1 in Armour
   258 | D:1      | Reached XP level 3. HP: 27/27 MP: 3/3
   656 | D:1      | Reached XP level 4. HP: 33/33 MP: 4/4
  1018 | D:2      | Reached skill level 1 in Short Blades
  1269 | D:2      | Reached skill level 3 in Ranged Weapons
  1689 | D:3      | Reached XP level 5. HP: 39/39 MP: 5/5
  2571 | D:4      | Noticed a bullfrog
  2577 | D:4      | Killed a bullfrog
  2578 | D:4      | Reached XP level 6. HP: 43/46 MP: 6/6
  2662 | D:4      | Found a staircase to the Ecumenical Temple.
  2673 | Temple   | Entered the Ecumenical Temple
  2783 | Temple   | Became a worshipper of Fedhas Madash
  2817 | D:4      | Reached skill level 1 in Evocations
  2994 | D:4      | Reached skill level 4 in Ranged Weapons
  2994 | D:4      | Reached skill level 1 in Invocations
  3222 | D:4      | Reached XP level 7. HP: 48/48 MP: 7/7
  3351 | D:5      | Entered Level 5 of the Dungeon
  3668 | D:5      | Found Mosoyf's Armour Shoppe.
  4092 | D:5      | Reached skill level 5 in Ranged Weapons
  4092 | D:5      | Reached XP level 8. HP: 41/60 MP: 9/9
  4207 | D:5      | Reached * piety under Fedhas
  4466 | D:6      | Noticed a wyvern
  4825 | D:6      | HP: 2/60 [phantom (5)]
  4855 | D:6      | Found a glowing drain.
  4864 | Sewer    | Entered a sewer
  5420 | Sewer    | Reached ** piety under Fedhas
  5476 | Sewer    | Reached skill level 6 in Ranged Weapons
  6002 | D:6      | Killed a wyvern
  6259 | D:6      | Reached XP level 9. HP: 10/66 MP: 11/11
  6260 | D:6      | HP: 3/66 [gnoll/+0 club[a gnoll bouda] (8)]
  6799 | D:6      | Reached skill level 5 in Fighting
  6799 | D:6      | Reached skill level 7 in Ranged Weapons
  6840 | D:6      | HP: 1/68 [steam dragon/ball of steam (13)]
  6841 | D:6      | Mangled by a steam dragon

Illustrated notes

Levels and vault maps discovered:
D:1:      co_arrival_random_square_maze, layout_loops_ring
D:2:      layout_basic, minmay_pentomino_o4
D:3:      layout_basic
D:4:      layout_basic, temple_green, kennysheep_generic_room_9
D:5:      layout_basic, serial_shops, shop_statue, minmay_ogre_servants
D:6:      layout_loops_corners, nicolae_qazlal_eye_of_the_storm,
          portal_sewer_entry_a, minmay_fractal_squares_5
Temple:   nicolae_temple_superstar

Skill      XL: |  1  2  3  4  5  6  7  8  9 |
---------------+----------------------------+-----
Armour         | 1 2 3 4 |  4.0
Fighting       | 2 3 4 5 |  5.0
Short Blades   | 1 2 |  2.0
Ranged Weapons | 3 4 5 6 7 |  7.0
Evocations     | 1 2 3 |  3.0
Invocations    | 1 2 3 |  3.0
Dodging        | 4 |  4.0
Staves         | |  4.0

Action                     |  1- 3 |  4- 6 |  7- 9 || total
---------------------------+-------+-------+-------++-------
  Melee: Quarterstaff      |     8 |       |       ||     8
   Fire: Sling             |    71 |   184 |   400 ||   655
  Evoke: Wand              |       |       |     1 ||     1
    Use: Scroll            |       |     2 |    12 ||    14
         Potion            |       |       |     3 ||     3
 Armour: Leather armour    |    11 |    23 |    61 ||    95
  Dodge: Dodged            |    15 |    84 |   223 ||   322
  Block: Other             |       |       |    55 ||    55
         Reflection        |       |       |     1 ||     1

Table legend: (Time is in decaauts)
 A = Elapsed time spent in this place.
 B = Non-inter-level travel time spent in this place.
 C = Inter-level travel time spent in this place.
 D = Time resting spent in this place.
 E = Time spent auto-exploring this place.
 F = Levels seen in this place.
 G = Mean time per level.
                   A        B        C        D        E       F      G
               +--------+--------+--------+--------+--------+-----+--------+
         Total |   7092 |   6908 |    184 |   1296 |   4034 |   8 |  886.5 |
       Dungeon |   5845 |   5693 |    152 |   1026 |   3412 |   6 |  974.2 |
        Temple |    122 |     90 |     32 |      0 |     73 |   1 |  122.0 |
         Sewer |   1124 |   1124 |      0 |    270 |    549 |   1 | 1124.0 |
               +--------+--------+--------+--------+--------+-----+--------+

Top non-repeatable levels by time:
     D:6: 1422 daAuts
   Sewer: 1124 daAuts
     D:4: 943 daAuts
     D:2: 925 daAuts
     D:5: 924 daAuts
     D:3: 832 daAuts
     D:1: 797 daAuts
  Temple: 122 daAuts
